AoeStats
← MoncusJBAJ

MegaRandom

510630288Analyzed
4v4 RM · 16h ago on Oct 1, 2026· 46m 29s· 8 players
Game mode
Random Map
Map size
Large (8 player)
Population
200
Speed
Normal
Resources
Standard
Victory
Conquest
Starting age
Dark Age
Ending age
Imperial Age
RankedLock teamsTeams togetherTeam positionsShared explorationLock speedFull tech treeHidden civsTurbo modeCheats
Victory
Defeat
🇺🇸 Bohemians · United States
880
+13
🇺🇸 Sicilians · United States
874
+13
🇩🇪 Goths · Germany
832
+14
🇺🇸 Maya · United States
738
+18
🇨🇴 Franks · Colombia
855
-17
🇨🇷 Gurjaras · Costa Rica
852
-17
🇲🇽 Mongols · Mexico
798
-14
🇨🇴 Bulgarians · Colombia
688
-10
AngeloCDLM1946
13:28 Feudal Age
14:04 Town Watch
14:46 Double-Bit Axe
18:57 Wheelbarrow
20:34 Gold Mining
21:28 Bloodlines
26:45 Castle Age
25:12 Scale Barding Armor
25:07 Scale Mail Armor
27:37 Light Cavalry
28:18 Husbandry
30:27 Padded Archer Armor
32:51 Town Patrol
35:37 Pikeman
37:06 Hand Cart
36:37 Loom
41:54 Imperial Age
41:43 Guard Tower
41:45 Heated Shot
42:41 Bow Saw
42:50 Stirrups
43:32 Stone Mining
44:17 Cavalier
OnlyxOne
0:32 Loom
12:55 Feudal Age
13:18 Horse Collar
20:15 Castle Age
18:45 Scale Barding Armor
19:17 Stone Mining
19:49 Double-Bit Axe
21:41 Gold Mining
23:24 Heavy Plow
23:19 Town Watch
24:53 Wheelbarrow
25:39 Husbandry
29:13 Forging
29:25 Chain Barding Armor
29:18 Bloodlines
30:14 Hand Cart
34:07 Iron Casting
33:16 Treadmill Crane
34:12 Elite Skirmisher
37:40 Imperial Age
35:38 Thumb Ring
36:25 Ballistics
35:57 Fletching
36:07 Scale Mail Armor
36:10 Padded Archer Armor
36:51 Stone Shaft Mining
36:53 Gold Shaft Mining
36:30 Bow Saw
36:35 Masonry
36:21 Murder Holes
36:31 Caravan
38:13 Bodkin Arrow
38:46 Heavy Camel Rider
40:14 Leather Archer Armor
42:02 Plate Barding Armor
41:34 Heavy Camel Rider
43:01 Conscription
44:08 Bracer
45:55 Hoardings
ElBlack
7:03 Loom
13:18 Feudal Age
20:43 Castle Age
19:28 Fletching
19:34 Double-Bit Axe
29:32 Husbandry
35:23 Imperial Age
34:17 Ballistics
35:16 Thumb Ring
36:21 Capped Ram
37:56 Parthian Tactics
43:33 Bloodlines
46:00 Scale Barding Armor
jsanchezg711
8:45 Loom
11:56 Feudal Age
12:29 Double-Bit Axe
14:05 Gold Mining
18:09 Forging
17:24 Man-at-Arms
20:34 Scale Barding Armor
22:26 Stone Mining
24:36 Wheelbarrow
27:40 Castle Age
27:47 Long Swordsman
28:12 Gambesons
28:33 Husbandry
29:33 Bow Saw
30:28 Gold Shaft Mining
35:38 Iron Casting
35:24 Chain Barding Armor
38:34 Hand Cart
Jared G
2:50 Loom
15:11 Feudal Age
19:42 Castle Age
17:55 Double-Bit Axe
17:53 Horse Collar
19:44 Wheelbarrow
21:13 Bow Saw
21:07 Heavy Plow
28:19 Hand Cart
30:48 Chemistry
33:59 Imperial Age
31:12 Pikeman
31:54 Squires
32:31 Ballistics
32:07 Fletching
32:29 Forging
32:20 Scale Mail Armor
31:54 Elite Skirmisher
32:44 Padded Archer Armor
32:44 Bodkin Arrow
32:57 Wagenburg Tactics
36:05 Two-Man Saw
35:19 Town Watch
35:35 Murder Holes
36:03 Bombard Tower
35:54 Masonry
36:00 Bracer
36:36 Iron Casting
36:17 Chain Mail Armor
36:42 Town Patrol
37:20 Conscription
39:52 Houfnice
41:43 Caravan
MoncusJBAJ
0:34 Loom
11:21 Feudal Age
20:46 Castle Age
19:22 Double-Bit Axe
21:13 Gold Mining
28:10 Elite Skirmisher
28:13 Pikeman
29:22 Forging
29:13 Padded Archer Armor
31:37 Thumb Ring
32:15 Iron Casting
31:42 Scale Mail Armor
33:40 Bow Saw
33:13 Horse Collar
35:19 Squires
35:05 Arson
35:20 Fletching
36:00 Heavy Plow
35:58 Bodkin Arrow
35:55 Crossbowman
40:46 Imperial Age
41:07 Ballistics
40:43 Murder Holes
40:58 Fortified Wall
40:59 Masonry
42:23 Wheelbarrow
42:45 Chain Mail Armor
42:30 Bracer
43:06 Iron Casting
42:46 Leather Archer Armor
44:33 Two-Man Saw
42:56 Halberdier
43:44 Hul'che Javelineers
43:50 Arbalester
45:16 Crop Rotation
BottleDry
4:31 Loom
10:50 Feudal Age
11:25 Double-Bit Axe
12:51 Horse Collar
14:26 Wheelbarrow
20:47 Castle Age
19:38 Scale Barding Armor
20:36 Forging
20:57 Scale Mail Armor
21:33 Bloodlines
22:17 Iron Casting
23:55 Chain Barding Armor
23:42 Husbandry
25:29 Gold Mining
26:27 Stone Mining
26:58 Heavy Plow
29:54 Fletching
30:20 Chain Mail Armor
29:51 Light Cavalry
31:40 Padded Archer Armor
31:35 Bodkin Arrow
34:51 Imperial Age
33:07 Squires
32:28 Pikeman
32:54 Gambesons
34:35 Leather Archer Armor
33:51 Elite Skirmisher
35:57 Ballistics
36:38 Chemistry
36:29 Conscription
36:27 Hauberk
37:20 Town Watch
38:46 Cavalier
39:31 Halberdier
40:08 Halberdier
42:55 Arson
44:47 Plate Barding Armor
44:12 Bracer
Pxsli ツ
0:37 Loom
11:31 Feudal Age
12:02 Double-Bit Axe
12:02 Horse Collar
15:31 Gold Mining
17:40 Stone Mining
20:35 Castle Age
19:09 Town Watch
20:00 Wheelbarrow
19:50 Forging
19:40 Scale Mail Armor
21:49 Bow Saw
24:03 Town Patrol
27:50 Caravan
29:09 Heavy Plow
29:56 Iron Casting
30:54 Anarchy
33:33 Chain Mail Armor
36:37 Imperial Age
35:05 Hand Cart
39:06 Conscription
38:49 Perfusion
39:56 Crop Rotation
40:33 Blast Furnace
41:16 Elite Huskarl
43:25 Coinage
Connection lost

Rejoining the realm…

Still unreachable

The connection could not be restored.

Session expired

The server has moved on; the page needs a fresh start.